 Dungeon Crawl Stone Soup version 0.28-a0-1356-g2ad6d04315 (webtiles) character file.

Game seed: 18127910160184721082

42 ryw the Skirmisher (level 3, 0/31 HPs)
             Began as a Demigod Fighter on Dec 31, 2021.
             Slain by a gnoll (4 damage)
             ... on level 1 of the Dungeon.
             The game lasted 00:01:40 (1239 turns).

ryw the Skirmisher (Demigod Fighter)                Turns: 1239, Time: 00:01:40

Health: 0/31       AC:  6    Str: 21    XL:     3   Next: 19%
Magic:  5/5        EV:  9    Int: 10    God:
Gold:   21         SH:  4    Dex: 13    Spells: 2/2 levels left

rFire   . . .      SeeInvis .   a - +0 war axe
rCold   . . .      Faith    .   c - +0 buckler
rNeg    . . .      Spirit   .   b - +0 scale mail
rPois   .          Reflect  .   (no helmet)
rElec   .          Harm     .   (no cloak)
rCorr   .          Rampage  .   (no gloves)
Will    .....                   (no boots)
Stlth   ..........              (no amulet)
HPRegen 0.10/turn               (no ring)
MPRegen 0.09/turn               (no ring)

@: no status effects
A: high mp 1, forlorn, divine attributes
a: no special abilities


You were on level 1 of the Dungeon.
You visited 1 branch of the dungeon, and saw 2 of its levels.

You collected 21 gold pieces.

Inventory:

Hand Weapons
 a - a +0 war axe (weapon)
Armour
 b - a +0 scale mail (worn)
 c - a +0 buckler (worn)
Jewellery
 f - a ring of flight
Potions
 d - a potion of might
 e - a potion of flight {unknown}
 g - a potion of brilliance {unknown}
 h - a potion of resistance {unknown}


   Skills:
 + Level 3.2 Fighting
 * Level 3.0 Axes
 - Level 2.6 Armour
 - Level 2.6 Shields


You had 2 spell levels left.
You didn't know any spells.
Your spell library contained the following spells:

 Spells                   Type           Power      Damage    Failure   Level
 Ensorcelled Hibernation  Hex/Ice        0%         N/A       88%         2
 Passwall                 Tmut/Erth      0%         N/A       88%         2
 Spider Form              Tmut/Pois      0%         N/A       98%         3
 Swiftness                Air            0%         N/A       98%         3


Dungeon Overview and Level Annotations

Branches:
Dungeon (2/15)


Innate Abilities, Weirdness & Mutations

You have an increased reservoir of magic. (+10% MP)
You shall have no god before yourself.
Your divine heritage dramatically boosts your attributes as you level up.


Message History

You block the gnoll's attack. The gnoll closely misses you.
You climb upwards.
There is a stone staircase leading down here.
You hit the gnoll but do no damage. You slash the gnoll!
The gnoll hits you with a +0 halberd. The gnoll closely misses you.
You slash the gnoll!
The gnoll is severely wounded.
You barely miss the gnoll. The gnoll closely misses you. x2
The gnoll hits you with a +0 halberd. You block the gnoll's attack.
You hit the gnoll but do no damage.
The gnoll is severely wounded.
You slash the gnoll!
You kill the gnoll!
The gnoll closely misses you.
You slash the gnoll!
You kill the gnoll!
Your Axes skill increases to level 3!
You have reached level 3!
Your experience leads to a dramatic increase in your attributes!
Increase (S)trength, (I)ntelligence, or (D)exterity?
You feel stronger. x4
Things that are here:
a +0 halberd; a gnoll corpse You start resting.
A gnoll is nearby!
The gnoll shouts! x2
You slash the gnoll!
The gnoll is heavily wounded.
The gnoll closely misses you. x2
You hit the gnoll.
The gnoll is severely wounded.
You hit the gnoll but do no damage. The gnoll closely misses you. x2
The gnoll hits you with a +0 halberd!
You closely miss the gnoll.
The gnoll is severely wounded.
You closely miss the gnoll. The gnoll hits you with a +0 whip.
The gnoll hits you with a +0 halberd!
* * * LOW HITPOINT WARNING * * *
The gnoll hits you with a +0 whip.
You die...

#.#.).#..# ########.# #.#.)##..#
#.....##.# #........###........#
#........##.#.....####
#.##.##.###..#.......#
#.##..#.#)#...#..#####
#.###.#.#>##...###########
#.......#)##...##...##....
#####.###@#...#..#......#.
#.....gg#..#....#....#..
#.#.#...#.#......#..#...
#.#.#...##...##...#....#
#.#.....############...#
##########.###....#########..#...
#.g..g...#.###........#.......#..
#.######.#............####.....#.
#.# #.#####........# ##.....#


You could see 2 gnolls.

Vanquished Creatures
  2 gnolls (D:1)
  2 dart slugs (D:1)
  A ball python (D:1)
  2 endoplasms (D:1)
  4 goblins (D:1)
  2 hobgoblins (D:1)
  A kobold (D:1)
  A quokka (D:1)
  A bat (D:1)
  3 frilled lizards (D:1)
  A rat (D:1)
20 creatures vanquished.

Notes
Turn   | Place    | Note
-------+----------+-------------------------------------------
     0 | D:1      | ryw the Demigod Fighter began the quest for the Orb.
     0 | D:1      | Reached XP level 1. HP: 18/18 MP: 3/3
   334 | D:1      | Reached XP level 2. HP: 25/25 MP: 4/4
  1220 | D:1      | Reached XP level 3. HP: 24/31 MP: 5/5
  1239 | D:1      | Slain by a gnoll

Illustrated notes

Levels and vault maps discovered:
D:1:      erik_arrival_orb_chamber, layout_loops_cross,
          hangedman_decor_slide_cut, minmay_cut_off
D:2:      layout_rooms, nicolae_figureground_pulse

Skill      XL: |  1  2 |
---------------+-------+-----
Axes           | 2 3 |  3.0
Fighting       | 3 |  3.2
Armour         | |  2.6
Shields        | |  2.6

Action                   || total
-------------------------++-------
Melee: War axe           ||    55
Armor: Scale mail        ||    20
Dodge: Dodged            ||    35
Block: Buckler           ||    13

Table legend: (Time is in decaauts)
 A = Elapsed time spent in this place.
 B = Non-inter-level travel time spent in this place.
 C = Inter-level travel time spent in this place.
 D = Time resting spent in this place.
 E = Time spent auto-exploring this place.
 F = Levels seen in this place.
 G = Mean time per level.
                   A        B        C        D        E       F      G
               +--------+--------+--------+--------+--------+-----+--------+
         Total |   1265 |   1237 |     28 |     80 |    908 |   2 |  632.5 |
       Dungeon |   1265 |   1237 |     28 |     80 |    908 |   2 |  632.5 |
               +--------+--------+--------+--------+--------+-----+--------+

Top non-repeatable levels by time:
     D:1: 1243 daAuts
     D:2: 21 daAuts
